 Dungeon Crawl Stone Soup version 0.26.1-11-gd32895ea62 (webtiles) character file.

Game seed: 10540996411648765080

131472 Almogavar the Unseen (level 17, -3/97 HPs)
             Began as a Kobold Conjurer on June 19, 2021.
             Was the Champion of Nemelex Xobeh.
             Hit by a boomerang thrown by a merfolk (12 damage)
             ... on level 1 of the Shoals on June 20, 2021.
             The game lasted 02:52:45 (46040 turns).

Almogavar the Unseen (Kobold Conjurer)             Turns: 46040, Time: 02:52:46

Health: -3/97      AC: 16    Str:  9    XL:     17   Next: 67%
Magic:  26/35      EV: 26    Int: 22    God:    Nemelex Xobeh [******]
Gold:   1838       SH:  5    Dex: 15    Spells: 27/44 levels left

rFire    + + .     SeeInvis +   E - +1 rapier of the Blessed Realm {distort, Dex+2}
rCold    . . .     Faith    .   (shield restricted)
rNeg     + + .     Spirit   .   x - +3 leather armour {rF+}
rPois    +         Reflect  +   s - +2 helmet "Dumiqaga" {rN++}
rElec    +         Harm     .   M - +0 cloak of Tanaq {rElec rF+ Str+3}
rCorr    .         Rampage  +   S - +1 pair of gloves
Will     .....                  F - +2 pair of boots {rampage}
Stlth    +++.......             X - amulet of reflection
HPRegen  0.26/turn              v - ring of Ruomaq {rElec rPois Will- Int-3 SInv}
MPRegen  0.24/turn              D - +4 ring of evasion

@: barbed spikes, slowed, glowing, very slow
A: small, nightstalker 3
a: Renounce Religion, Draw Escape, Draw Destruction, Draw Summoning, Triple
Draw, Deal Four, Stack Five


You were on level 1 of the Shoals.
You worshipped Nemelex Xobeh.
Nemelex Xobeh was exalted by your worship.
You visited 4 branches of the dungeon, and saw 24 of its levels.
You also visited: Ice Cave and Volcano.

You collected 3048 gold pieces.
You spent 1210 gold pieces at shops.

Inventory:

Hand Weapons
 E - the +1 rapier of the Blessed Realm (weapon) {distort, Dex+2}
   (You found it on level 7 of the Dungeon)

   It warps and distorts space around it.
   Unwielding it can cause banishment or high damage.
   It affects your dexterity (+2).
Armour
 i - a +0 buckler
 l - the +1 robe of the Hall of Blades {*Corrode Dex+4}
   (You found it on level 13 of the Dungeon)

   It affects your dexterity (+4).
   It may corrode you when you take damage.
 s - the +2 helmet "Dumiqaga" (worn) {rN++}
   (You took it off Robin on level 3 of the Dungeon)

   It greatly protects you from negative energy.
 x - a +3 leather armour of fire resistance (worn)
 F - a +2 pair of boots of rampaging (worn)
 M - the +0 cloak of Tanaq (worn) {rElec rF+ Str+3}
   (You found it on level 9 of the Dungeon)

   It affects your strength (+3).
   It protects you from fire.
   It insulates you from electricity.
 Q - a +2 robe of cold resistance
 S - a +1 pair of gloves (worn)
Magical Staves
 B - an uncursed staff of earth
 Y - an uncursed staff of cold
Jewellery
 c - an uncursed ring of protection from fire
 j - an uncursed ring of ice
 k - an uncursed ring of willpower
 p - an uncursed ring of fire
 t - an uncursed ring of wizardry
 v - the ring of Ruomaq (left hand) {rElec rPois Will- Int-3 SInv}
   (You found it on level 1 of the Lair of Beasts)

   [ring of see invisible]

   It affects your intelligence (-3).
   It insulates you from electricity.
   It protects you from poison.
   It affects your willpower, your defense against some magical effects.
   It lets you see invisible.
 C - an uncursed ring of poison resistance
 D - a +4 ring of evasion (right hand)
 N - an uncursed ring of protection from cold
 T - an uncursed ring of flight
 W - an uncursed amulet of the acrobat
 X - an amulet of reflection (around neck)
Wands
 r - a wand of polymorph (8)
 y - a wand of random effects (27)
 H - a wand of acid (27)
 I - a wand of flame (15)
 U - a wand of digging (3)
Scrolls
 b - 14 scrolls of remove curse
 e - a scroll of brand weapon
 g - 6 scrolls of enchant weapon
 h - 6 scrolls of amnesia
 m - 3 scrolls of fog
 o - 4 scrolls of fear
 w - 2 scrolls of identify
 L - a scroll of blinking
 V - a scroll of summoning
 Z - 5 scrolls of teleportation
Potions
 a - 3 potions of heal wounds
 d - 4 potions of might
 f - 10 potions of curing
 n - 3 potions of cancellation
 q - 3 potions of resistance
 u - 7 potions of brilliance
 z - 3 potions of ambrosia
 A - 2 potions of magic
 G - a potion of berserk rage
 J - 7 potions of haste
 P - a potion of invisibility
Miscellaneous
 K - a condenser vane
 O - a tin of tremorstones (2/2)


   Skills:
 + Level 8.3 Fighting
 + Level 11.2 Short Blades
 - Level 4.7 Armour
 + Level 11.5 Dodging
 + Level 18.3 Stealth
 + Level 14.2 Spellcasting
 + Level 14.6 Conjurations
 + Level 3.3 Hexes
 + Level 8.3 Translocations
 - Level 1.4 Evocations


You had 27 spell levels left.
You knew the following spells:

 Your Spells              Type           Power        Failure   Level
a - Magic Dart            Conj           100%         0%          1
b - Searing Ray           Conj           100%         1%          2
c - Iskenderun's Mystic   Conj/Tloc      60%          1%          4
d - Slow                  Hex            30%          1%          2
e - Dazzling Flash        Conj/Hex       100%         1%          3
f - Poisonous Vapours     Pois/Air       30%          8%          2
g - Confusing Touch       Hex            30%          4%          3

Your spell library contained the following spells:

 Spells                   Type           Power        Failure   Level
 Corona                   Hex            33%          1%          1
 Conjure Flame            Conj/Fire      47%          1%          3
 Gell's Gravitas          Tloc           25%          1%          3
 Mephitic Cloud           Conj/Pois/Air  37%          1%          3
 Portal Projectile        Hex/Tloc       82%          1%          3
 Fulminant Prism          Conj/Hex       26%          1%          4
 Ensorcelled Hibernation  Hex/Ice        44%          4%          2
 Beastly Appendage        Tmut           30%          5%          1
 Irradiate                Conj/Tmut      23%          7%          5
 Wereblood                Tmut           15%          8%          2
 Inner Flame              Hex/Fire       22%          8%          3
 Cause Fear               Hex            15%          13%         4
 Spider Form              Tmut/Pois      7%           16%         3
 Bolt of Magma            Conj/Fire/Erth 18%          19%         5
 Leda's Liquefaction      Hex/Erth       11%          26%         4
 Dispersal                Tloc           25%          26%         6
 Iron Shot                Conj/Erth      23%          36%         6
 Ice Form                 Ice/Tmut       15%          45%         4
 Petrify                  Tmut/Erth      15%          45%         4
 Metabolic Englaciation   Hex/Ice        11%          58%         5
 Silence                  Hex/Air        11%          58%         5
 Yara's Violent Unravell  Hex/Tmut       11%          58%         5
 Freezing Cloud           Conj/Ice/Air   18%          71%         6
 Blade Hands              Tmut           7%           82%         5
 Borgnjor's Vile Clutch   Necr/Erth      7%           82%         5
 Hydra Form               Tmut           7%           100%        6
 Shadow Creatures         Summ           N/A          100%        6
 Statue Form              Tmut/Erth      10%          100%        6
 Discord                  Hex            15%          100%        8
 Disjunction              Tloc           25%          100%        8
 Shatter                  Erth           7%           100%        9


Dungeon Overview and Level Annotations

Branches:
Dungeon (15/15)            Temple (0/1) D:5            Lair (6/6) D:9
 Shoals (1/4) Lair:3       Spider (0/4) Lair:3        Slime (0/5) Lair:5
    Orc (2/2) D:11            Elf (0/3) Orc:2        Vaults (0/5) D:13
 Depths (0/5) D:15          IceCv (visited)         Volcano (visited)

Altars:
Fedhas
Kikubaaqudgha
Nemelex Xobeh
Xom
Yredelemnul
Beogh
Jiyva

Shops:
D:7 *   D:8 :   D:10 ?   Orc:2 =[!:[?

Portals:
Trove: D:14 (give +6 demon trident)


Innate Abilities, Weirdness & Mutations

You are small and have problems with some larger weapons.
You are completely attuned to the shadows.


Message History

The weapon returns to the merfolk!
Casting: Iskenderun's Mystic Blast (mildly dangerous; 1% risk of failure)
Confirm with . or Enter, or press ? or * to list all spells.
Aiming: Searing Ray (safe; 1% risk of failure)
Press: ? - help, Shift-Dir - straight line, f/p - merfolk
Aim: a merfolk, wielding a +0 trident and quivering 7 boomerangs (moderately wounded, 21% to evade)
The searing ray hits the faun!
The faun is heavily wounded.
The searing ray misses the merfolk. (Press . to maintain the ray.)
The faun unwields a +0 quarterstaff.
The faun wields a +0 hunting sling.
The faun shoots a stone.
The stone hits you!
* * * LOW HITPOINT WARNING * * *
The manticore flicks its tail.
The volley of spikes hits you!
The barbed spikes become lodged in your body.
* * * LOW HITPOINT WARNING * * *
The merfolk throws a boomerang.
The boomerang hits you!
You die...
Your body glows with a rainbow of weird colours and disappears.

###.≈...# ....
≈≈≈..≈≈..# #..[....≈
≈≈≈≈≈≈.≈≈.# #.....H≈≈
≈≈≈≈≈≈≈...# ###.≈≈≈cm≈
≈≈≈≈≈.≈...###...$≈.≈c.
≈≈≈....≈....≈≈≈.@()...
≈......≈≈≈..≈≈≈..≈≈.##
....##.≈≈≈)≈≈≈≈≈≈≈..#
...###..≈≈≈≈≈≈≈≈≈≈≈.#
...###.≈≈≈≈≈≈≈≈≈≈≈≈≈≈
......≈≈≈≈≈≈≈≈≈≈
≈.....≈≈≈≈≈...≈ ......
....≈≈


You could see a merfolk, 2 fauns and a manticore.

Vanquished Creatures
  Rupert (Lair:4)
  Kirke (D:15)
  A white draconian (IceCv)
  A merfolk impaler (Shoals:1)
  Snorg (Lair:4)
  A yaktaur captain (D:15)
  Fannar (Lair:2)
  2 boulder beetles
  13 hydras
  2 merfolk avatars
  A death knight (D:13)
  9 two-headed ogres
  A dancing weapon (Volcano)
  4 centaur warriors
  5 death yaks
  6 orc high priests (Orc:2)
  A tengu warrior (D:15)
  Nergalle (D:12)
  The ghost of makewrite the Cleaver, a novice MiBe of Trog (D:6)
  7 skeletal warriors
  A swamp dragon (D:15)
  3 unseen horrors
  5 wizards
  5 orc knights (Orc:2)
  A lindwurm (Lair:2)
  Pikel (D:4)
  2 deep elf magi
  An orb spider (Lair:3)
  A cyclops (Orc:1)
  2 oklob plants (Lair:6)
  5 manticores
  A faun (Shoals:1)
  An orc sorcerer (Orc:1)
  10 ugly things
  5 toenail golems (Volcano)
  2 black mambas (Lair:6)
  Joseph (Lair:1)
  An ice statue (IceCv)
  A centaur zombie (D:11)
  3 elephants
  A merfolk siren (Lair:3)
  4 gargoyles (D:12)
  Maggie (D:7)
  11 cane toads
  7 centaur skeletons
  A yaktaur (D:15)
  4 rime drakes
  5 kobold demonologists
  An efreet (D:13)
  3 freezing wraiths
  12 komodo dragons
  A tengu conjurer (D:15)
  8 trolls
  3 meliai (D:14)
  Grinder (D:5)
  A merfolk (Shoals:1)
  20 polar bears
  A troll (shapeshifter) (D:14)
  A wind drake (Shoals:1)
  Prince Ribbit (D:7)
  6 hornets
  32 blink frogs
  A meliai zombie (D:14)
  11 slime creatures
  7 wraiths
  51 yaks
  A shadow (D:15)
  A vampire (D:13)
  Eustachio (D:4)
  12 wyverns
  6 basilisks
  A water elemental (D:14)
  A steam dragon (D:12)
  9 vampire mosquitoes
  2 wargs (Orc:2)
  2 acid dragons
  A soldier ant (D:15)
  13 water moccasins
  29 orc warriors
  2 swamp drakes (D:15)
  13 ice beasts
  2 black bears
  8 sky beasts
  4 phantoms
  13 ogres
  2 necrophages
  An eye of draining (D:15)
  63 wolves
  11 centaurs
  3 lemures (D:4)
  4 big kobolds
  Blork the orc (D:4)
  25 bullfrogs
  A wyvern zombie (D:7)
  2 water moccasin skeletons
  3 scorpions
  15 killer bees
  28 wights
  An electric eel (Lair:6)
  8 howler monkeys
  8 hounds
  5 jellies
  2 bullfrog skeletons (D:4)
  38 orc priests
  Jessica (D:5)
  Ijyb (D:3)
  Terence (D:2)
  14 orc wizards
  4 iguanas
  11 worker ants
  3 killer bee zombies
  A hound zombie (D:10)
  A hound skeleton (D:11)
  3 worker ant zombies
  Robin (D:3)
  4 gnolls
  18 adders
  A shadow imp (D:9)
  3 white imps
  3 ufetubi
  2 oozes
  An adder skeleton (D:9)
  4 worms
  2 dart slugs
  4 leopard geckos
  95 orcs
  13 giant cockroaches
  15 goblins
  15 hobgoblins
  10 jackals
  8 quokkas
  2 ball pythons
  3 bats
  4 frilled lizards
  A jackal skeleton (D:7)
  13 kobolds
  A leopard gecko zombie (D:6)
  5 rats
917 creatures vanquished.

Vanquished Creatures (collateral kills)
  A dire elephant (Lair:6)
  A boulder beetle (Lair:2)
  An alligator snapping turtle (Shoals:1)
  A death knight (D:15)
  A manticore (Lair:6)
  A cane toad (Lair:6)
  A rime drake (Lair:6)
  A blink frog (Lair:2)
  A wyvern (Lair:6)
  A wight (D:15)
10 creatures vanquished.

Vanquished Creatures (others)
  A wizard (Volcano)
  5 humans (D:15)
  44 fungi
  94 plants
144 creatures vanquished.

Grand Total: 1071 creatures vanquished

Notes
Turn   | Place    | Note
-------+----------+-------------------------------------------
     0 | D:1      | Almogavar the Kobold Conjurer began the quest for the Orb.
     0 | D:1      | Reached XP level 1. HP: 10/10 MP: 3/3
   338 | D:1      | Reached XP level 2. HP: 15/15 MP: 1/5
   496 | D:1      | Learned a level 2 spell: Searing Ray
   598 | D:1      | Reached XP level 3. HP: 19/19 MP: 3/6
  1282 | D:2      | Reached skill level 5 in Conjurations
  1313 | D:2      | Reached XP level 4. HP: 24/24 MP: 3/7
  2108 | D:2      | Found an ancient bone altar of Kikubaaqudgha.
  2429 | D:2      | Reached XP level 5. HP: 28/28 MP: 5/9
  2489 | D:2      | Noticed Terence
  2508 | D:2      | Killed Terence
  2509 | D:2      | Reached skill level 3 in Stealth
  3231 | D:3      | Identified the +2 helmet "Dumiqaga" {rN++}
  3231 | D:3      | Noticed Robin
  3373 | D:3      | Killed Robin
  3765 | D:3      | Reached XP level 6. HP: 33/33 MP: 11/11
  4097 | D:3      | Reached skill level 1 in Fighting
  4215 | D:3      | Noticed Ijyb
  4222 | D:3      | Killed Ijyb
  4663 | D:4      | Noticed an ogre
  4667 | D:4      | Killed an ogre
  4668 | D:4      | Reached skill level 1 in Short Blades
  4668 | D:4      | Reached skill level 4 in Stealth
  4668 | D:4      | Reached XP level 7. HP: 38/38 MP: 6/13
  4717 | D:4      | Noticed Eustachio
  4731 | D:4      | Killed Eustachio
  4974 | D:4      | Noticed Blork the orc
  4980 | D:4      | Killed Blork the orc
  5301 | D:4      | Reached XP level 8. HP: 44/44 MP: 8/15
  5395 | D:4      | Reached skill level 5 in Stealth
  5741 | D:4      | Noticed Pikel
  5749 | D:4      | Killed Pikel
  5750 | D:4      | Reached skill level 1 in Armour
  5750 | D:4      | Reached skill level 6 in Stealth
  5750 | D:4      | Reached skill level 5 in Spellcasting
  6146 | D:4      | Learned a level 4 spell: Iskenderun's Mystic Blast
  6253 | D:5      | Entered Level 5 of the Dungeon
  6263 | D:5      | Reached XP level 9. HP: 33/48 MP: 8/17
  6501 | D:5      | Found a sparkling altar of Nemelex Xobeh.
  6503 | D:5      | Noticed Jessica
  6505 | D:5      | Killed Jessica
  6510 | D:5      | Became a worshipper of Nemelex Xobeh the Trickster
  6710 | D:5      | Reached skill level 7 in Stealth
  6754 | D:5      | Noticed Grinder
  6755 | D:5      | Paralysed by Grinder for 6 turns
  6765 | D:5      | Killed Grinder
  6866 | D:5      | Found a shimmering altar of Xom.
  7040 | D:5      | Found a staircase to the Ecumenical Temple.
  7689 | D:6      | Reached skill level 1 in Translocations
  8126 | D:6      | Reached XP level 10. HP: 48/54 MP: 9/19
  8227 | D:6      | Reached * piety under Nemelex Xobeh
  8316 | D:6      | Reached skill level 5 in Dodging
  8339 | D:6      | Found a runed translucent door.
  8588 | D:6      | Received a gift from Nemelex Xobeh
  8907 | D:6      | Noticed makewrite's ghost (novice MiBe)
  8908 | D:6      | Reached skill level 8 in Stealth
  8918 | D:6      | Killed makewrite's ghost
  9127 | D:7      | Got a faintly glowing rapier
  9131 | D:7      | Identified the +1 rapier of the Blessed Realm {distort,
                  | Dex+2} (You found it on level 7 of the Dungeon)
  9442 | D:7      | Noticed Prince Ribbit
  9448 | D:7      | Killed Prince Ribbit
  9740 | D:7      | Found Afitas's Assorted Antiques.
  9751 | D:7      | Bought a pair of glowing boots for 195 gold pieces
  9802 | D:7      | Noticed Maggie
  9810 | D:7      | Killed Maggie
 10154 | D:8      | Reached XP level 11. HP: 49/59 MP: 2/22
 10363 | D:8      | Reached ** piety under Nemelex Xobeh
 10385 | D:8      | Found Vimyreul's Book Shoppe.
 11845 | D:8      | Reached skill level 10 in Conjurations
 12098 | D:9      | Found a blossoming altar of Fedhas.
 12151 | D:9      | Reached skill level 9 in Stealth
 12403 | D:9      | Found a staircase to the Lair.
 12471 | D:9      | Reached *** piety under Nemelex Xobeh
 12538 | D:9      | Got a distressingly furry cloak
 12544 | D:9      | Identified the +0 cloak of Tanaq {rElec rF+ Str+3} (You
                  | found it on level 9 of the Dungeon)
 13011 | D:9      | Found a basalt altar of Yredelemnul.
 13054 | D:9      | Received a gift from Nemelex Xobeh
 13251 | D:10     | Entered Level 10 of the Dungeon
 13955 | D:10     | Found Eppood's Magic Scroll Boutique.
 13962 | D:10     | Bought a scroll of blinking for 75 gold pieces
 13999 | D:10     | Received a gift from Nemelex Xobeh
 14019 | D:10     | Reached **** piety under Nemelex Xobeh
 14035 | D:10     | Killed an unseen horror
 14041 | D:10     | Reached skill level 5 in Short Blades
 14205 | D:10     | Noticed a brown ugly thing
 14213 | D:10     | Killed a brown ugly thing
 14214 | D:10     | Reached skill level 10 in Stealth
 14480 | D:10     | Noticed a two-headed ogre
 14490 | D:10     | Killed a two-headed ogre
 15013 | D:10     | Reached XP level 12. HP: 66/66 MP: 12/24
 15017 | D:10     | Reached skill level 5 in Translocations
 15405 | D:10     | Killed an unseen horror
 16007 | Lair:1   | Entered Level 1 of the Lair of Beasts
 16007 | Lair:1   | Noticed Joseph
 16015 | Lair:1   | Killed Joseph
 16394 | Lair:1   | Received a gift from Nemelex Xobeh
 16786 | Lair:1   | Got a fine turquoise ring
 16788 | Lair:1   | Identified the ring of Ruomaq {rElec rPois Will- Int-3
                  | SInv} (You found it on level 1 of the Lair of Beasts)
 16845 | Lair:1   | Received a gift from Nemelex Xobeh
 16858 | Lair:1   | Noticed a five-headed hydra
 16863 | Lair:1   | Killed a five-headed hydra
 16983 | Lair:1   | Reached skill level 11 in Stealth
 17144 | Lair:1   | Noticed an eight-headed hydra
 17151 | Lair:1   | Killed an eight-headed hydra
 17442 | Lair:1   | Learned a level 2 spell: Slow
 17455 | Lair:2   | Noticed Fannar
 17598 | Lair:2   | Found a dark tunnel.
 17639 | Volcano  | Entered a volcano
 17641 | Volcano  | Noticed a wizard
 17649 | Volcano  | Killed a wizard
 17652 | Volcano  | Reached skill level 10 in Spellcasting
 17657 | Volcano  | Reached XP level 13. HP: 53/72 MP: 10/27
 17763 | Volcano  | Reached skill level 5 in Fighting
 17870 | Volcano  | Reached skill level 12 in Stealth
 18628 | Lair:2   | Noticed a six-headed hydra
 18632 | Lair:2   | Killed a six-headed hydra
 18803 | Lair:2   | Received a gift from Nemelex Xobeh
 18863 | Lair:2   | Reached skill level 13 in Stealth
 18911 | Lair:2   | HP: 3/73 [blink frog (6)]
 19310 | Lair:2   | Noticed a boulder beetle
 19549 | Lair:2   | HP: 1/73 [boulder beetle (22)]
 19634 | Lair:3   | Reached skill level 1 in Evocations
 19838 | Lair:2   | Killed a boulder beetle
 20432 | Lair:2   | Killed Fannar
 21300 | Lair:3   | Found a hole to the Spider Nest.
 21676 | Lair:3   | Reached ***** piety under Nemelex Xobeh
 22135 | Lair:2   | Reached XP level 14. HP: 30/79 MP: 3/29
 22362 | Lair:2   | HP: 2/79 [death yak (17)]
 22871 | Lair:3   | Found a staircase to the Shoals.
 23254 | Lair:4   | Learned a level 3 spell: Dazzling Flash
 24118 | Lair:4   | Received a gift from Nemelex Xobeh
 24642 | Lair:4   | Noticed Rupert
 24652 | Lair:4   | Killed Rupert
 24763 | Lair:4   | Noticed Snorg
 24767 | Lair:4   | Killed Snorg
 24768 | Lair:4   | Reached skill level 14 in Stealth
 25666 | Lair:5   | Received a gift from Nemelex Xobeh
 25716 | Lair:5   | Found a staircase to the Slime Pits.
 25753 | Lair:5   | Found a viscous altar of Jiyva.
 26224 | Lair:6   | Entered Level 6 of the Lair of Beasts
 26538 | Lair:6   | Received a gift from Nemelex Xobeh
 27204 | Lair:6   | Noticed a dire elephant
 27713 | Lair:5   | Learned a level 2 spell: Poisonous Vapours
 27725 | Lair:6   | Killed a dire elephant
 27727 | Lair:6   | Reached XP level 15. HP: 28/85 MP: 16/30
 29363 | Lair:6   | Reached skill level 10 in Dodging
 31311 | D:11     | Found a frozen archway.
 31328 | IceCv    | Entered an ice cave
 31839 | IceCv    | Reached skill level 15 in Stealth
 32448 | IceCv    | Reached skill level 10 in Short Blades
 33135 | D:11     | Found a staircase to the Orcish Mines.
 33178 | D:11     | Received a gift from Nemelex Xobeh
 33978 | D:11     | Reached XP level 16. HP: 92/92 MP: 24/32
 34057 | Orc:1    | Entered Level 1 of the Orcish Mines
 34128 | Orc:1    | Received a gift from Nemelex Xobeh
 34477 | Orc:1    | Found a roughly hewn altar of Beogh.
 34751 | Orc:2    | Entered Level 2 of the Orcish Mines
 34751 | Orc:2    | Found Lumukynt's Magic Scroll Boutique.
 34862 | Orc:2    | Found Usaif's Antique Armour Shoppe.
 35189 | Orc:2    | Received a gift from Nemelex Xobeh
 35290 | Orc:2    | Found a roughly hewn altar of Beogh.
 35414 | Orc:2    | Found a staircase to the Elven Halls.
 35414 | Orc:2    | Received a gift from Nemelex Xobeh
 37159 | Orc:2    | Found Jokhecvu's Armour Emporium.
 37161 | Orc:2    | Found Ipesyh Ehekk's Distillery.
 37162 | Orc:2    | Found Ketutef's Book Shoppe.
 37162 | Orc:2    | Found Bac Inad's Jewellery Shoppe.
 37166 | Orc:2    | Bought a potion of heal wounds for 60 gold pieces
 37166 | Orc:2    | Bought a potion of heal wounds for 60 gold pieces
 37166 | Orc:2    | Bought a potion of heal wounds for 60 gold pieces
 37166 | Orc:2    | Bought a potion of heal wounds for 60 gold pieces
 37263 | Orc:2    | Bought the Compendium of the Lost Seas for 700 gold pieces
 37362 | Orc:1    | You fall into a shaft and drop 1 floor!
 37639 | D:12     | Received a gift from Nemelex Xobeh
 37649 | D:12     | Noticed Nergalle
 37659 | D:12     | Killed Nergalle
 37935 | D:12     | Reached skill level 16 in Stealth
 38251 | D:12     | Reached ****** piety under Nemelex Xobeh
 38599 | D:12     | Received a gift from Nemelex Xobeh
 39202 | D:12     | Reached skill level 17 in Stealth
 39803 | D:13     | Received a gift from Nemelex Xobeh
 40733 | D:13     | Got a heavy robe
 40744 | D:13     | Identified the +1 robe of the Hall of Blades {*Corrode
                  | Dex+4} (You found it on level 13 of the Dungeon)
 41251 | D:13     | Received a gift from Nemelex Xobeh
 41260 | D:13     | Reached XP level 17. HP: 97/97 MP: 34/34
 41565 | D:13     | Found a gate to the Vaults.
 41688 | D:14     | Reached skill level 1 in Hexes
 41839 | D:14     | You fall into a shaft and drop 1 floor!
 41839 | D:15     | Entered Level 15 of the Dungeon
 41840 | D:15     | Noticed Kirke
 41841 | D:15     | Killed Kirke
 42369 | D:14     | Received a gift from Nemelex Xobeh
 42414 | D:14     | Reached skill level 18 in Stealth
 42837 | D:14     | Learned a level 3 spell: Confusing Touch
 43083 | D:14     | Found a portal to a secret trove of treasure.
 44170 | D:15     | Received a gift from Nemelex Xobeh
 44745 | D:15     | Found a staircase to the Depths.
 45067 | Shoals:1 | Entered Level 1 of the Shoals
 46040 | Shoals:1 | Hit by a boomerang thrown by a merfolk

Illustrated notes

Levels and vault maps discovered:
D:1:      sevenhm_arrival_forest_fort_large_2, layout_basic,
          minmay_worlds_worst_comb
D:2:      layout_basic, general_overflow_altar, minmay_split_cup_small,
          uniq_terence
D:3:      layout_basic, uniq_ijyb, uniq_robin
D:4:      minmay_chambers_of_threes, layout_basic, kennysheep_generic_room_11,
          uniq_eustachio, uniq_pikel, uniq_blork_the_orc
D:5:      layout_basic, minmay_temple_entry_large_hall, basic_altar,
          nemelex_lonely_heart_becter, uniq_grinder
D:6:      layout_basic, ebering_ghost_sewer_d
D:7:      layout_rooms, serial_shops, shop_coins, uniq_maggie,
          uniq_prince_ribbit1
D:8:      layout_loops_corners, serial_shops, nicolae_shop_crystal,
          serial_co_window_serial, co_window_of_opportunity_a,
          co_window_paths_b, co_window_cross_1, co_window_corner_a,
          co_window_paths_a, co_window_unsneaky_path_d,
          co_window_of_opportunity_c, co_window_corner_b, co_window_broadway_c,
          glass_columns_a, glass_columns_a
D:9:      minmay_curly_fans, layout_irregular_city,
          nicolae_overflow_hidden_temple, david_lair_shrubbed, fedhas_altar_2
D:10:     kennysheep_windowed_halls, layout_layer_cave, serial_shops, shop
D:11:     layout_roguey, orc_0_dummy, portal_ice_cave_entry_ice_beasts
D:12:     minmay_imperfect_grid, layout_cave_pods, st_stairs_11, uniq_nergalle
D:13:     layout_long_grid, david_vaults_1, minmay_quadrilaterals
D:14:     layout_roguey, minivault_4, nicolae_trove_entry_crossroad
D:15:     grunt_enter_depths_snipers, layout_long_grid, dk_noncrumbling_3,
          serial_park_tiny_1, pond, uniq_kirke
Lair:1:   layout_misc_corridors, chequers_serial_rivers_small_3, uniq_joseph
Lair:2:   layout_regular_city, nicolae_volcano_entry_vermiform,
          nicolae_lair_grove_arrangements, uniq_fannar
Lair:3:   layout_hall_layers, minmay_shoals_entry_lonely_mermaid,
          nicolae_spider_entry_orb_guardian
Lair:4:   layout_cave_pods, st_stairs_4, uniq_snorg, uniq_rupert
Lair:5:   layout_regular_city, slime_altar_1, beast_lair_carwin_8,
          grunt_megastairs_1, serial_bayou_shore_b
Lair:6:   gammafunk_lair_ancient_temple, layout_misc_corridors,
          grunt_forest_large_clearings, minmay_lair_oklob_chamber,
          infiniplex_staircase_pool
Shoals:1: layout_shoals, nicolae_shoals_water_elemental_grotto
Orc:1:    layout_diamond_mine, minmay_orc_temple_a
Orc:2:    st_orc_pillars, layout_diamond_mine, serial_shops, shop, shop,
          mines2_david

Skill      XL: |  1  2  3  4  5  6  7  8  9 10 11 12 13 14 15 16 17 |
---------------+----------------------------------------------------+-----
Conjurations   | 5 6 7 8 9 10 11 12 13 14 | 14.6
Spellcasting   | 3 4 5 6 7 8 10 11 12 13 14 | 14.2
Stealth        | 3 4 6 7 8 10 11 13 14 15 17 18 | 18.3
Fighting       | 1 2 3 4 5 6 7 8 |  8.3
Short Blades   | 1 2 6 7 8 9 10 11 | 11.2
Dodging        | 3 4 5 7 8 9 10 11 | 11.5
Armour         | 2 3 4 |  4.7
Translocations | 1 4 6 7 8 |  8.3
Evocations     | 1 |  1.4
Hexes          | 3 |  3.3

Action                   |  1- 3 |  4- 6 |  7- 9 | 10-12 | 13-15 | 16-18 || total
-------------------------+-------+-------+-------+-------+-------+-------++-------
Melee: Short sword       |     4 |    39 |       |       |       |       ||    43
       Dagger            |       |     4 |    17 |       |       |       ||    21
       Rapier            |       |       |       |    86 |   162 |   201 ||   449
 Cast: Magic Dart        |    36 |    12 |     4 |     1 |     2 |     1 ||    56
       Searing Ray       |     6 |    51 |    67 |   134 |   287 |   221 ||   766
       Iskenderun's Myst |       |       |       |    33 |    84 |    76 ||   193
       Slow              |       |       |       |       |       |     1 ||     1
Invok: Draw Destruction  |       |       |       |     1 |     4 |     7 ||    12
       Draw Summoning    |       |       |       |       |     3 |     2 ||     5
       Draw Escape       |       |       |       |       |     1 |       ||     1
Evoke: Wand              |       |       |       |       |     6 |     3 ||     9
  Use: Scroll            |     1 |     7 |     8 |    10 |    16 |     4 ||    46
       Potion            |       |       |       |       |     7 |     1 ||     8
 Stab: Sleeping          |       |     3 |     1 |    30 |    47 |    93 ||   174
       Distracted        |       |       |       |       |       |     2 ||     2
Armor: Robe              |       |     5 |     2 |       |    19 |    20 ||    46
       Leather armour    |       |       |    17 |    92 |    96 |    32 ||   237
Dodge: Dodged            |     4 |    44 |    51 |   144 |   501 |   412 ||  1156
Block: Other             |       |       |       |       |       |     5 ||     5
